AoeStats
← lorenzo021

MegaRandom

509435944Analyzed
3v3 RM · 6d ago on Sep 26, 2026· 46m 35s· 6 players
Game mode
Random Map
Map size
Normal (6 player)
Population
200
Speed
Normal
Resources
Standard
Victory
Conquest
Starting age
Dark Age
Ending age
Imperial Age
RankedLock teamsTeams togetherTeam positionsShared explorationLock speedFull tech treeHidden civsTurbo modeCheats
Victory
Defeat
🇮🇹 Byzantines · Italy
1052
+13
🇬🇧 Chinese · United Kingdom
1004
+15
🇮🇹 Persians · Italy
987
+15
🇨🇿 Slavs · Czechia
996
-15
🇷🇺 Khitans · Russia
976
-14
🇨🇿 Mongols · Czechia
969
-14
H o l y
5:34 Loom
12:40 Feudal Age
13:21 Horse Collar
19:01 Castle Age
18:03 Fletching
19:38 Elite Skirmisher
23:09 Stone Mining
23:50 Heavy Plow
24:57 Pikeman
27:51 Detinets
37:48 Wheelbarrow
38:32 Bodkin Arrow
41:11 Imperial Age
40:49 Scale Barding Armor
molsow
7:02 Loom
11:38 Feudal Age
12:33 Double-Bit Axe
13:35 Horse Collar
19:48 Castle Age
18:30 Stone Mining
21:40 Bow Saw
22:44 Wheelbarrow
24:04 Elite Skirmisher
30:30 Fletching
32:12 Bodkin Arrow
33:01 Padded Archer Armor
33:09 Thumb Ring
34:05 Ballistics
38:38 Imperial Age
36:35 Masonry
37:35 Coinage
37:38 Leather Archer Armor
37:26 Heavy Plow
37:17 Gold Mining
37:16 Town Watch
39:50 Conscription
39:50 Hand Cart
40:15 Stone Shaft Mining
40:16 Bracer
41:41 Parthian Tactics
41:42 Drill
45:35 Forging
46:01 Heavy Camel Rider
47:03 Bloodlines
kapusta
9:10 Loom
11:10 Feudal Age
11:43 Domestication
11:50 Double-Bit Axe
21:46 Castle Age
20:04 Forging
22:27 Scale Barding Armor
22:29 Husbandry
27:24 Pikeman
29:45 Iron Casting
29:42 Town Watch
30:16 Pastoralism
31:45 Wheelbarrow
32:45 Chain Barding Armor
33:42 Hand Cart
33:59 Gold Mining
36:41 Light Cavalry
45:16 Stone Mining
FreakinFlavio
0:43 Loom
12:09 Feudal Age
20:43 Castle Age
20:16 Stone Mining
20:16 Gold Mining
20:24 Fletching
22:08 Squires
22:13 Crossbowman
26:50 Wheelbarrow
26:01 Town Watch
29:31 Bodkin Arrow
29:52 Forging
29:46 Scale Mail Armor
31:30 Double-Bit Axe
33:08 Bow Saw
34:04 Arson
34:25 Padded Archer Armor
40:33 Elite Skirmisher
44:36 Elite Skirmisher
45:35 Horse Collar
Cunctator
7:45 Loom
11:06 Feudal Age
11:42 Double-Bit Axe
13:54 Fletching
21:59 Castle Age
21:15 Scale Barding Armor
23:00 Bow Saw
24:58 Wheelbarrow
25:32 Crossbowman
27:58 Stone Mining
32:18 Bodkin Arrow
33:26 Thumb Ring
35:10 Hand Cart
40:27 Imperial Age
40:14 Forging
40:25 Chain Barding Armor
40:07 Padded Archer Armor
40:05 Gold Mining
40:44 Ballistics
40:24 Horse Collar
42:34 Chemistry
42:46 Arbalester
43:37 Squires
43:42 Pikeman
lorenzo021
6:42 Loom
9:54 Feudal Age
10:42 Double-Bit Axe
11:20 Horse Collar
16:22 Wheelbarrow
20:14 Castle Age
18:49 Scale Barding Armor
19:13 Forging
19:45 Bloodlines
21:46 Iron Casting
21:31 Stone Mining
22:22 Heavy Plow
22:43 Husbandry
27:58 Chain Barding Armor
30:47 Town Watch
31:55 Fletching
35:19 Bow Saw
35:11 Gold Mining
35:42 Hand Cart
39:28 Imperial Age
39:41 Town Patrol
39:18 Heavy Camel Rider
39:19 Cavalier
40:36 Plate Barding Armor
41:02 Blast Furnace
41:06 Gold Shaft Mining
41:06 Savar
42:51 Crop Rotation
43:24 Two-Man Saw
44:39 Conscription
Connection lost

Rejoining the realm…

Still unreachable

The connection could not be restored.

Session expired

The server has moved on; the page needs a fresh start.